 Dungeon Crawl Stone Soup version 0.31-a0-151-ge443d1f16c (webtiles) character file.

Game seed: 4506678024100106680

140 qw the Shooter (level 5, 0/32 HPs)
             Began as a Gargoyle Hunter on June 8, 2023.
             Slain by a water moccasin (4 damage)
             ... on level 6 of the Dungeon.
             The game lasted 00:00:46 (1800 turns).

qw the Shooter (Gargoyle Hunter)                    Turns: 1800, Time: 00:00:47

Health: 0/32       AC: 12    Str: 15    XL:     5   Next: 23%
Magic:  5/5        EV: 11    Int:  9    God:
Gold:   93         SH:  0    Dex: 15    Spells: 4/4 levels left

rFire   . . .        Y - +0 shortbow
rCold   . . .        (shield currently unavailable)
rNeg    + . .        h - +0 ring mail
rPois   inf          g - +2 helmet
rElec   +            (no cloak)
rCorr   .            (no gloves)
SInv    .            (no boots)
Will    .....        (no amulet)
Stlth   +            (no ring)
HPRegen 0.25/turn    (no ring)
MPRegen 0.09/turn

%: no passive effects
@: no status effects
A: sickness immunity, AC +4, negative energy resistance 1, electricity
resistance, torment resistance 1, petrification resistance
a: no special abilities


You were on level 6 of the Dungeon.
You visited 1 branch of the dungeon, and saw 4 of its levels.

You collected 93 gold pieces.


Innate Abilities, Weirdness & Mutations

You are immune to sickness and miasma.
Your stone body is resilient. (AC +4)
You are immune to poison.
You resist negative energy. (rN+)
You are resistant to electric shocks. (rElec)
You are resistant to unholy torment.
You are immune to petrification.


   Skills:
 - Level 3.1 Fighting
 + Level 5.8 Ranged Weapons
 - Level 1.0 Armour
 - Level 1.5 Dodging
 - Level 1.1 Stealth


You had 4 spell levels left.
You didn't know any spells.
Your spell library was empty.

Inventory:

Hand Weapons
 Y - a +0 shortbow (weapon)
Armour
 g - a +2 helmet (worn)
 h - a +0 ring mail (worn)
Scrolls
 a - a scroll of vulnerability {unknown}
 f - 2 scrolls of identify
Potions
 b - a potion of might {unknown}
 c - a potion of enlightenment {unknown}
 i - a potion of curing {unknown}

Dungeon Overview and Level Annotations

Branches:
Dungeon (3/15)

Altars:

Annotations:
D:2 1 runed translucent door, Crazy Yiuf


Message History

You shoot an arrow. The arrow hits the scorpion.
You kill the scorpion!
You have reached level 5!
You start resting.
HP restored.
c - a cyan potion
Found a quarterstaff.
You now have 93 gold pieces (gained 12).
Found a stone staircase leading down.
An ogre comes into view. It is wielding a +0 giant spiked club.
The ogre shouts!
You shoot an arrow. The arrow barely misses the ogre.
You shoot an arrow. The arrow hits the ogre!
The ogre is moderately wounded.
You shoot an arrow. The arrow completely misses the ogre.
A water moccasin comes into view.
You shoot an arrow. The water moccasin hisses angrily.
The arrow hits the ogre but does no damage.
The ogre is moderately wounded.
The ogre completely misses you.
You shoot an arrow. The arrow barely misses the ogre.
The arrow barely misses the water moccasin.
You shoot an arrow. The arrow barely misses the ogre.
The arrow hits the water moccasin.
The water moccasin is lightly wounded.
The ogre hits you with a +0 giant spiked club!
You shoot an arrow. The arrow hits the ogre.
The ogre is moderately wounded.
The ogre hits you with a +0 giant spiked club!
The water moccasin bites you but does no damage.
You shoot an arrow. The arrow barely misses the ogre.
The water moccasin bites you. The ogre closely misses you.
You shoot an arrow. The arrow hits the ogre.
The ogre is heavily wounded.
The water moccasin bites you but does no damage.
The water moccasin closely misses you. The ogre completely misses you.
You shoot an arrow. The arrow closely misses the ogre.
The water moccasin bites you.
You die...

....# ... ....#
... ...#......
...#.. ... #....
... #..# #.#
...#####O.# #.#
.......@S.# #.#
...#####..#####.#
#>.......#
#...####.# ###.#
#.###### #..
#.##.#.### .##.
#.##.#.... .
#)##..#......
#.##.......###.#


You could see a water moccasin and an ogre.

Vanquished Creatures
  A scorpion (D:6)
  An adder (D:2)
  2 dart slugs (D:1)
  6 orcs
  6 ball pythons
  7 endoplasms
  A giant cockroach (D:1)
  4 goblins
  6 hobgoblins
  4 jackals (D:1)
  3 quokkas
  5 bats
  3 frilled lizards (D:1)
  2 kobolds (D:1)
  3 rats (D:1)
54 creatures vanquished.

Notes
Turn   | Place    | Note
-------+----------+-------------------------------------------
     0 | D:1      | qw the Gargoyle Hunter began the quest for the Orb.
     0 | D:1      | Reached XP level 1. HP: 12/12 MP: 1/1
     0 | D:1      | 0 ||| qw: Version: 0.2-a-120-gdf1a93b
     0 | D:1      | 0 ||| qw: Game counter: 3078
     0 | D:1      | 0 ||| qw: Always use a shield: true
     0 | D:1      | 0 ||| qw: God list: Okawaru
     0 | D:1      | 0 ||| qw: Allow faded altars: false
     0 | D:1      | 0 ||| qw: Do Orc after D:15 true
     0 | D:1      | 0 ||| qw: Do second Lair branch before Depths: true
     0 | D:1      | 0 ||| qw: Lair rune preference: random
     0 | D:1      | 0 ||| qw: Plans: Normal
     0 | D:1      | 0 ||| PLANNING D:1-11
   204 | D:1      | Found a faded altar of an unknown god.
   218 | D:1      | Reached XP level 2. HP: 10/17 MP: 2/2
   218 | D:1      | 218 ||| FLEEEEING.
   657 | D:1      | Reached XP level 3. HP: 21/21 MP: 3/3
   662 | D:1      | Reached skill level 5 in Ranged Weapons
   864 | D:1      | 864 ||| UPGRADING to +2 helmet.
   869 | D:1      | 869 ||| UPGRADING to +0 ring mail.
   879 | D:1      | 879 ||| DROPPING +0 leather armour.
   880 | D:1      | 880 ||| READING scroll labelled MEZOXT TYFAIPT.
   884 | D:1      | 884 ||| READING 2 scrolls labelled QENYHIETHRE.
   885 | D:1      | 885 ||| READING scroll labelled YQASOT NUOM.
   886 | D:1      | 886 ||| DROPPING scroll of butterflies.
   971 | D:2      | Reached skill level 1 in Armour
  1122 | D:2      | Reached skill level 3 in Fighting
  1122 | D:2      | Reached XP level 4. HP: 28/28 MP: 4/4
  1153 | D:2      | Found a runed translucent door.
  1154 | D:2      | Noticed Crazy Yiuf
  1385 | D:2      | 1385 ||| READING 3 scrolls labelled XUCITACHIO.
  1386 | D:2      | 1386 ||| READING scroll labelled ABIROPRA MUTI.
  1387 | D:2      | 1387 ||| READING 2 scrolls of identify.
  1387 | D:2      | 1387 ||| IDENTIFYING inky potion
  1388 | D:2      | 1388 ||| DROPPING 2 scrolls of magic mapping.
  1389 | D:2      | 1389 ||| DROPPING potion of brilliance.
  1419 | D:3      | 1419 ||| STAIRDANCE
  1512 | D:3      | 1512 ||| STAIRDANCE
  1730 | D:3      | You fall into a shaft and drop 3 floors!
  1744 | D:6      | Noticed a scorpion
  1753 | D:6      | Killed a scorpion
  1754 | D:6      | Reached XP level 5. HP: 31/32 MP: 5/5
  1790 | D:6      | Noticed an ogre
  1793 | D:6      | Noticed a water moccasin
  1798 | D:6      | HP: 4/32 [water moccasin (5)]
  1800 | D:6      | Slain by a water moccasin

Levels and vault maps discovered:
D:1:      minmay_arrival_widening_spiral_wide, layout_basic,
          ebering_ecumenical_altar_box
D:2:      layout_rooms, uniq_crazy_yiuf_cottage
D:3:      layout_basic, kennysheep_nub
D:6:      layout_basic, minmay_temple_entry_large_hall, nicolae_letterblocks
          [nicolae_letter_subblock, nicolae_letter_subblock,
          nicolae_letter_subblock, nicolae_letter_subblock,
          nicolae_letter_subblock, nicolae_letter_subblock,
          nicolae_letter_subblock, nicolae_letter_subblock,
          nicolae_letter_subblock, nicolae_letter_subblock,
          nicolae_letter_subblock, nicolae_letter_subblock,
          nicolae_letter_subblock, nicolae_letter_subblock,
          nicolae_letter_subblock, nicolae_letter_subblock,
          nicolae_letter_subblock, nicolae_letter_subblock,
          nicolae_letter_subblock, nicolae_letter_subblock,
          nicolae_letter_subblock, nicolae_letter_subblock,
          nicolae_letter_subblock, nicolae_letter_subblock,
          nicolae_letter_subblock], uniq_maggie, uniq_edmund, uniq_grinder

Skill      XL: |  1  2  3 |
---------------+----------+-----
Ranged Weapons | 5 |  5.8
Armour         | 1 |  1.0
Fighting       | 3 |  3.1
Dodging        | |  1.5
Stealth        | |  1.1

Action                     |  1- 3 |  4- 6 || total
---------------------------+-------+-------++-------
   Fire: Shortbow          |   123 |    58 ||   181
    Use: Scroll            |     3 |     3 ||     6
 Armour: Leather armour    |    12 |       ||    12
         Ring mail         |     6 |    29 ||    35
  Dodge: Dodged            |    33 |    31 ||    64

Table legend:
 A = Non-vault XP
 B = Vault XP
 C = Vault XP percentage of total XP
 D = Non-vault monster count
 E = Vault monster count
 F = Vault count percentage of total count
                 A         B        C        D         E       F
            +---------+---------+-------+---------+---------+-------
      Total |     201 |       0 |   0.0 |      54 |       0 |   0.0
            +---------+---------+-------+---------+---------+-------
        D:1 |      55 |       0 |   0.0 |      31 |       0 |   0.0
        D:2 |      52 |       0 |   0.0 |      20 |       0 |   0.0
        D:3 |       6 |       0 |   0.0 |       2 |       0 |   0.0
        D:6 |      88 |       0 |   0.0 |       1 |       0 |   0.0
            +---------+---------+-------+---------+---------+-------
